 Dungeon Crawl Stone Soup version 0.17.0 (webtiles) character file.

8174 FUKTRUK the Martial Artist (level 11, -8/62 HPs)
             Began as a Vine Stalker Monk on Nov 7, 2015.
             Hit by a javelin thrown by Urug (17 damage)
             ... on level 11 of the Dungeon.
             The game lasted 00:15:16 (7902 turns).

FUKTRUK the Martial Artist (Vine Stalker Monk)      Turns: 7902, Time: 00:15:16

Health: -8/62      AC: 16    Str: 13    XL:     11   Next: 26%
Magic:  0/12       EV: 18    Int: 10    God:
Gold:   629        SH:  0    Dex: 21    Spells: 0 memorised, 10 levels left

rFire  . . .     SeeInvis .       - Unarmed
rCold  + . .     Clarity  .     k - +0 leather armour {rC+}
rNeg   . . .     SustAt   .     (no shield)
rPois  +         Gourm    .     n - +1 helmet
rElec  .         Spirit   +     y - +2 cloak {rPois}
rCorr  .         Warding  .     F - +0 pair of gloves
rMut   .         Stasis   .     J - +2 pair of boots
MR     +....                    (no amulet)
Stlth  ++++......               L - +3 ring of protection
                                (no ring)

@: somewhat resistant to hostile enchantments, stealthy
A: fangs 3, regeneration 2, magic shield, antimagic bite, no device heal 3, rot
immunity
a: no special abilities


You were on level 11 of the Dungeon.
You were hungry.

You visited 1 branch of the dungeon, and saw 11 of its levels.

You collected 629 gold pieces.


Innate Abilities, Weirdness & Mutations

You have razor-sharp teeth.
You heal very quickly.
When hurt, damage is shared between your health and your magic reserves.
Your bite disrupts and absorbs the magic of your enemies.
Potions and wands cannot restore your health.
You are immune to rotting.


   Skills:
 - Level 9.1 Fighting
 - Level 4.2 Armour
 + Level 7.0 Dodging
 - Level 8.1 Stealth
 - Level 10.0 Unarmed Combat


You had 10 spell levels left.
You didn't know any spells.

Inventory:

Missiles
 f - 3 needles of paralysis
 C - 2 throwing nets {=f}
 G - 15 javelins (quivered)
 H - 4 curare-tipped needles {=f}
 N - 27 poisoned needles
Armour
 k - a +0 leather armour of cold resistance (worn)
 n - a +1 helmet (worn)
 y - a +2 cloak of poison resistance (worn)
 F - a +0 pair of gloves (worn)
 J - a +2 pair of boots (worn)
Jewellery
 E - a ring of teleportation
 L - a +3 ring of protection (right hand)
Wands
 w - a wand of polymorph (7)
 A - a wand of fireball (9)
 I - a wand of digging (12)
 Q - a wand of teleportation (5) {!d@v4}
 R - a wand of heal wounds (6) {!d@v2}
 S - a wand of confusion (17)
 U - a wand of paralysis (18)
 V - a wand of disintegration (6)
 X - a wand of frost (33)
Scrolls
 c - 3 scrolls of immolation {unknown}
 g - 5 scrolls of teleportation {@r4}
 i - 3 scrolls of remove curse
 j - 2 scrolls of fear
 l - a scroll of noise {!r}
 v - 2 scrolls of magic mapping
 x - 2 scrolls of amnesia {unknown}
 B - 4 scrolls of random uselessness {unknown}
Potions
 a - 2 potions of degeneration {unknown}
 e - 5 potions of curing {unknown}
 h - 2 potions of haste {unknown}
 m - a potion of resistance {unknown}
 o - 3 potions of magic {unknown}
 p - a potion of brilliance {unknown}
 r - 2 potions of might
 u - 2 potions of cancellation {unknown}
 D - a potion of flight {unknown}
 M - 3 potions of poison {unknown}
 Y - a potion of heal wounds {unknown}
Books
 O - a book of the Warp
 P - a book of Battle
 W - a book of Burglary
Comestibles
 b - 10 bread rations
 d - 2 royal jellies
 s - 3 beef jerkies
 t - 4 fruits
 z - 2 slices of pizza
 K - a meat ration

Dungeon Overview and Level Annotations

Branches:
Dungeon (11/15)            Temple (0/1) D:6            Lair (0/8) D:11
    Orc: D:9-12

Altars:
Cheibriados
Dithmenos
Elyvilon
Gozag
Nemelex Xobeh
Okawaru
Qazlal
Sif Muna
Trog
Vehumet
Zin
The Shining One

Annotations:
D:11 Urug

###############
#...f.........# *****
#o###########.# ,,,,*
#......# #.######* ,,,,*
****######.# #...#...*
,,,,* *,,,,,,,**,*
###.#..#*
,,,,*****,,,,,,,**,*
#.#..#
,,,,,,,,*,,,,,,,**,******
#.#..##
,,,,,,,,,,,,,,,,,,,,,,,>*
#.#...#
,,,,,,,,*,,,,,,,,********
#.#..<#


You could see Urug.


Message History

You barely miss Urug.
Urug is moderately wounded.
You punch Urug! You bite Urug. You drain his power.
You feel invigorated.
Urug is heavily wounded.
Urug hits you with a battleaxe.
You hit Urug but do no damage.
Urug is heavily wounded.
Urug hits you with a battleaxe!
You hit Urug but do no damage. Your bite misses Urug.
Urug is heavily wounded.
You completely miss Urug. You bite Urug. You drain his power.
You feel invigorated.
Urug is heavily wounded.
Urug screams, "Bird-brain!"
Urug misses you.
You hit Urug but do no damage. You bite Urug, but do no damage.
Urug is heavily wounded.
You hit Urug but do no damage.
Urug is heavily wounded.
Urug hits you with a battleaxe!
* * * LOW HITPOINT WARNING * * *
You hit Urug. You bite Urug. You drain his power.
You feel invigorated.
Urug is heavily wounded.
Urug hits you with a battleaxe!!
* * * LOW HITPOINT WARNING * * *
You are too injured to fight recklessly!
You are too injured to fight recklessly!
You are too injured to fight recklessly!
Urug throws a javelin.
The javelin hits you!!
You die...

Action                   |  1- 3 |  4- 6 |  7- 9 | 10-12 || total
-------------------------+-------+-------+-------+-------++-------
Melee: Unarmed           |    58 |   154 |   409 |   332 ||   953
Throw: Javelin           |       |       |     4 |       ||     4
  Use: Scroll            |       |       |     5 |     4 ||     9
 Stab: Sleeping          |     2 |     5 |     6 |    14 ||    27
       Distracted        |       |     2 |       |     1 ||     3
  Eat: Chunk             |       |     2 |    12 |     6 ||    20
       Fruit             |       |       |     2 |     1 ||     3

Vault maps used:
D:1:      dpeg_arrival_short_road, tso_metal_star
D:2:      lemuel_crystal_altar, first_bread, st_stairs_10, uniq_iyjb, uniq_robin
D:3:      trog_eyes_of_draining, serial_glass, glass_columns_a, glass_columns_a,
          uniq_terence
D:4:      wad_lake_hut, overflow_temple_1_default, kennysheep_mini_moat,
          cheibriados_altar_1, grunt_qazlal_sundering
D:5:      elyvilon_altar_5, old_standard_altar, nemelex_deck, uniq_pikel
D:6:      old_standard_altar, temple_statues, grunt_ministairs_10,
          small_statue_intersection, moated_statue
D:7:      the_bakery
D:8:      solitary_fountain, moated_statue, uniq_joseph, uniq_maurice,
          uniq_erolcha
D:9:      amethyst_overflow_temple_binary, grunt_tough_drop
D:10:     lemuel_blue_sif_altar, uniq_grum
D:11:     kennysheep_ambush_hall, minmay_lair_entry_grove, enter_bailey_2,
          hangedman_decor_push, uniq_urug

Notes
Turn   | Place    | Note
--------------------------------------------------------------
     0 | D:1      | FUKTRUK the Vine Stalker Monk began the quest for the Orb.
     0 | D:1      | Reached XP level 1. HP: 11/11 MP: 2/2
   117 | D:1      | Reached XP level 2. HP: 10/16 MP: 1/3
   123 | D:1      | Found a glowing golden altar of the Shining One.
   468 | D:2      | Noticed Ijyb
   487 | D:2      | Killed Ijyb
   487 | D:2      | Reached skill level 5 in Unarmed Combat
   487 | D:2      | Reached XP level 3. HP: 14/19 MP: 2/4
   561 | D:2      | Found a glowing silver altar of Zin.
   687 | D:2      | Reached XP level 4. HP: 23/23 MP: 5/5
   759 | D:2      | Noticed Robin
   874 | D:2      | Killed Robin
   976 | D:2      | Reached skill level 6 in Unarmed Combat
  1236 | D:2      | Reached XP level 5. HP: 27/27 MP: 6/6
  1445 | D:3      | Noticed a necrophage
  1455 | D:3      | Killed a necrophage
  1455 | D:3      | Reached skill level 7 in Unarmed Combat
  1455 | D:3      | Gained mutation: You heal very quickly. [Vine Stalker growth]
  1455 | D:3      | Reached XP level 6. HP: 29/32 MP: 7/7
  1601 | D:3      | Found a bloodstained altar of Trog.
  1602 | D:3      | Noticed an eye of draining
  1602 | D:3      | Noticed an eye of draining
  1633 | D:3      | Killed an eye of draining
  1644 | D:3      | Killed an eye of draining
  1644 | D:3      | Reached skill level 8 in Unarmed Combat
  1841 | D:3      | Reached skill level 3 in Fighting
  1841 | D:3      | Reached XP level 7. HP: 32/36 MP: 8/8
  1871 | D:3      | Noticed Terence
  1882 | D:3      | Killed Terence
  2193 | D:4      | Found a snail-covered altar of Cheibriados.
  2337 | D:4      | Found a stormy altar of Qazlal.
  2385 | D:4      | Reached skill level 4 in Fighting
  2563 | D:4      | Reached skill level 5 in Fighting
  2643 | D:4      | Found an opulent altar of Gozag.
  2670 | D:4      | Found an iron altar of Okawaru.
  2889 | D:4      | Gained mutation: You have razor-sharp teeth. [Vine Stalker growth]
  2889 | D:4      | Reached XP level 8. HP: 42/44 MP: 9/9
  3248 | D:5      | Entered Level 5 of the Dungeon
  3351 | D:5      | Reached skill level 6 in Fighting
  3438 | D:5      | Found a radiant altar of Vehumet.
  3588 | D:5      | Found a sparkling altar of Nemelex Xobeh.
  3745 | D:5      | Found a white marble altar of Elyvilon.
  3747 | D:5      | Noticed Pikel
  3797 | D:5      | Reached skill level 3 in Dodging
  3878 | D:4      | Killed Pikel
  3878 | D:4      | Reached skill level 5 in Dodging
  4134 | D:6      | Found a deep blue altar of Sif Muna.
  4177 | D:6      | Found a staircase to the Ecumenical Temple.
  4231 | D:6      | Reached XP level 9. HP: 48/48 MP: 10/10
  4335 | D:6      | Reached skill level 6 in Dodging
  4905 | D:7      | Reached skill level 7 in Dodging
  5003 | D:7      | Reached skill level 1 in Armour
  5057 | D:7      | Reached skill level 2 in Armour
  5164 | D:7      | Reached skill level 3 in Armour
  5462 | D:7      | Reached skill level 4 in Armour
  5482 | D:7      | Reached skill level 3 in Stealth
  5542 | D:7      | Reached skill level 4 in Stealth
  5713 | D:7      | Reached skill level 5 in Stealth
  5713 | D:7      | Reached XP level 10. HP: 53/53 MP: 11/11
  5843 | D:8      | Noticed Joseph
  6010 | D:9      | Reached skill level 6 in Stealth
  6077 | D:9      | Reached skill level 7 in Stealth
  6097 | D:9      | Reached skill level 8 in Stealth
  6265 | D:9      | Reached skill level 9 in Unarmed Combat
  6350 | D:9      | Identified a wand of heal wounds
  6427 | D:9      | Found a shadowy altar of Dithmenos.
  6435 | D:9      | Found a glowing golden altar of the Shining One.
  6651 | D:10     | Entered Level 10 of the Dungeon
  6841 | D:10     | Reached skill level 10 in Unarmed Combat
  6900 | D:10     | Noticed Grum
  6922 | D:10     | Reached skill level 7 in Fighting
  6934 | D:10     | Killed Grum
  7199 | D:10     | Found a deep blue altar of Sif Muna.
  7314 | D:8      | Killed Joseph
  7314 | D:8      | Reached XP level 11. HP: 57/60 MP: 12/12
  7317 | D:8      | Identified a wand of teleportation (You took it off Joseph on level 8 of the Dungeon)
  7336 | D:8      | Reached skill level 8 in Fighting
  7375 | D:8      | Noticed Maurice
  7431 | D:8      | Killed Maurice
  7748 | D:8      | Noticed Erolcha
  7764 | D:8      | Killed Erolcha
  7764 | D:8      | Reached skill level 9 in Fighting
  7880 | D:11     | Noticed Urug
  7902 | D:11     | Hit by a javelin thrown by Urug

Vanquished Creatures
  Erolcha (D:8)
  Pikel (D:4)
  Maurice (D:8)
  Joseph (D:8)
  A troll (D:10)
  A spriggan (D:7)
  5 yaks (D:9)
  2 deep elf magi (D:9)
  Grum (D:10)
  2 hippogriffs
  4 wolves (D:10)
  2 slaves
  2 eyes of draining (D:3)
  2 necrophages
  2 ice beasts (D:7)
  4 black bears
  2 ogres
  A wasp (D:8)
  2 phantoms
  4 centaurs
  2 orc warriors (D:6)
  4 giant frogs
  A water moccasin zombie (D:9)
  6 scorpions
  7 killer bees
  5 crimson imps
  4 hounds
  4 orc priests
  A giant frog zombie (D:7)
  A giant frog skeleton (D:4)
  Ijyb (D:2)
  A centaur skeleton (D:6)
  3 jellies
  2 iguanas
  8 worker ants
  Terence (D:3)
  7 orc wizards
  A killer bee zombie (D:9)
  4 gnolls (D:7)
  Robin (D:2)
  13 adders
  An ooze (D:1)
  An adder zombie (D:8)
  3 worms (D:2)
  41 orcs
  A ball python (D:4)
  7 hobgoblins
  8 jackals
  2 quokkas (D:4)
  5 bats
  4 giant cockroaches
  8 giant geckos
  3 giant newts (D:2)
  15 goblins
  A jackal zombie (D:7)
  6 kobolds
  A quokka zombie (D:9)
  5 rats
230 creatures vanquished.
